cohdb
Replays
Latest Replays
All Replays
Popular Replays
Top Player Replays
Match Explorer
How It Works
Community
CoH3 Stats
Reddit
Sign in to upload your games and track your stats! →
Sign in with Steam
GG against Webster's 3 stack
Match 19239493
Overview
Messages
Build Orders
End
Pioneer Squad
Construct Infanterie Kompanie
Selects Breakthrough Battlegroup
Selects Breakthrough Battlegroup
Selects Assault Grenadiers
MG 42 Machine Gun Team
MG 42 Machine Gun Team
GrW 34 Mortar Team
Construct Panzergrenadier Kompanie
Panzergrenadier Squad
Selects Rapid Production
251 Medium Carrier
Pak 40 Anti-tank Gun Team
MG 42 Machine Gun Team
Pak 40 Anti-tank Gun Team
Selects Smoke Bombing Run
Panzergrenadier Squad
Construct Panzer Kompanie
Selects Incendiary Bombing Run
Incendiary Bombing Run
Panzergrenadier Squad
Sturmpanzer IV Brummbär
MG 42 Machine Gun Team
Stoßtruppen Squad
AI Takeover
MACS
marcmorn
WebsterBolek
Adult Asthma Is A Choice
Not Emily Willis
꿀뜨개Honeydipper
0
0
Comments
sign in to comment!
No comments posted yet!